 Dungeon Crawl Stone Soup version 0.20-a0-958-g783e32d (webtiles) character file.

173 Isola the Skirmisher (level 5, -17/47 HPs)
             Began as a Hill Orc Fighter on Apr 6, 2017.
             Demolished by a large abomination (32 damage)
             ... on level 1 of the Abyss.
             The game lasted 00:03:37 (1983 turns).

Isola the Skirmisher (Hill Orc Fighter)             Turns: 1983, Time: 00:03:38

Health: -17/47     AC:  8    Str: 19 (20) XL:     5   Next: 53%
Magic:  5/5        EV: 11    Int:  6 (8)  God:
Gold:   134        SH:  0    Dex:  8 (10) Spells: 4/4 levels left

rFire    . . .     SeeInvis .   a - +0 trident
rCold    . . .     Gourm    .   (no shield)
rNeg     . . .     Faith    .   b - +0 scale mail
rPois    .         Spirit   .   (no helmet)
rElec    .         Reflect  .   (no cloak)
rCorr    +         Harm     .   i - +0 pair of gloves
MR       .....                  (no boots)
Stlth    ..........             (no amulet)
Regen    0.2/turn               p - +2 ring of evasion
MPRegen  0.1/turn               k - ring of resist corrosion

@: confused, glowing, drained
A: no striking features
a: no special abilities


You were on level 1 of the Abyss.
You were hungry.

You visited 1 branch of the dungeon, and saw 2 of its levels.
You visited the Abyss 1 time.

You collected 134 gold pieces.

Inventory:

Hand Weapons
 a - a +0 trident (weapon)
Missiles
 q - 5 tomahawks (quivered)
Armour
 b - a +0 scale mail (worn)
 c - a +0 shield
 i - a +0 pair of gloves (worn)
Jewellery
 k - a ring of resist corrosion (right hand)
 p - a +2 ring of evasion (left hand)
Scrolls
 j - a scroll of teleportation
 l - 4 scrolls of identify
Potions
 d - a potion of might
 m - a potion of mutation
 o - a potion of brilliance
 t - a potion of resistance
Comestibles
 f - 2 bread rations
 u - a royal jelly


   Skills:
 + Level 4.7(4.4) Fighting
 * Level 4.5(4.2) Polearms
 + Level 4.4(4.1) Armour
 - Level 3.2(3.0) Shields


You had 4 spell levels left.
You didn't know any spells.

Dungeon Overview and Level Annotations

Branches:
Dungeon (2/15)

Altars:

Annotations:
D:2 Crazy Yiuf


Message History

Something tries to feed on your intellect!
The glowing orange brain pulsates.
The glowing orange brain radiates an aura of fear!
You resist with some effort.
A large abomination comes into view.
Your scale mail prevents you from hitting the glowing orange brain.
The glowing orange brain pulsates.
You are confused.
A small abomination comes into view.
You are too confused!
You are too confused!
The large abomination hits you!
You completely miss the glowing orange brain.
The glowing orange brain pulsates ominously.
The glowing orange brain pulsates.
The large abomination hits you!!
You hit the glowing orange brain but do no damage.
The large abomination hits you!!
Ouch! That really hurt!
You die...

.# .. . ##..
.##..# ## ###.
..####
#.....##.##.. .
#...#.A....#.# #
#..#..X##...
#####
#*.G@##%..##.
.### .
..ยง..##..#.#
#.#.. .#
#......#...###
.##. #
#.#..#.####...#.#
.# # # #. .#
#...#.# ..#.# # #
.. #.. ... .#...
### # ##.#..#
.##. ##..... .
#.# ...#.


You could see a daeva, a wretched star, a glowing orange brain and a large
abomination.

Vanquished Creatures
  A crimson imp (D:1)
  Natasha (thrice) (D:2)
  An adder (D:1)
  An ufetubus (Abyss:1)
  A worm (D:2)
  2 dart slugs (D:1)
  2 leopard geckos (D:1)
  2 ball pythons
  A giant cockroach (D:2)
  5 hobgoblins
  4 jackals (D:2)
  4 kobolds
  6 bats
  6 frilled lizards
  2 goblins (D:1)
  7 rats
48 creatures vanquished.

Notes
Turn   | Place    | Note
-------+----------+-------------------------------------------
     0 | D:1      | Isola the Hill Orc Fighter began the quest for the Orb.
     0 | D:1      | Reached XP level 1. HP: 19/19 MP: 1/1
     7 | D:1      | Noticed a merfolk zombie
     7 | D:1      | Noticed a gargoyle
   272 | D:1      | Reached XP level 2. HP: 14/27 MP: 2/2
   792 | D:1      | Noticed a crimson imp
   818 | D:1      | Killed a crimson imp
   818 | D:1      | Reached XP level 3. HP: 31/33 MP: 3/3
   930 | D:1      | Reached XP level 4. HP: 29/40 MP: 4/4
  1161 | D:2      | Noticed Natasha
  1184 | D:2      | Killed Natasha
  1198 | D:2      | Noticed Natasha
  1219 | D:2      | Killed Natasha
  1219 | D:2      | Reached XP level 5. HP: 19/47 MP: 5/5
  1343 | D:2      | Noticed Natasha
  1349 | D:2      | Killed Natasha
  1744 | D:2      | Found a runed door.
  1748 | D:2      | Noticed Crazy Yiuf
  1761 | D:2      | Cast into level 1 of the Abyss (Crazy Yiuf)
  1764 | Abyss:1  | Found a corrupted altar of Lugonu.
  1975 | Abyss:1  | Noticed a glowing orange brain
  1978 | Abyss:1  | Noticed a large abomination
  1983 | Abyss:1  | Noticed a wretched star
  1983 | Abyss:1  | Noticed a daeva
  1983 | Abyss:1  | Demolished by a large abomination

Vault maps used:
D:1:      shiori_arrival_whats_in_store_for_you
D:2:      feat_on_display, uniq_crazy_yiuf_cottage, uniq_natasha
Abyss:1:  hangedman_abyss_lost_library

Skill      XL: |  1  2  3  4 |
---------------+-------------+-----
Fighting       | 4 |  4.7
Polearms       | 3 4 |  4.5
Armour         | 4 |  4.4
Shields        | |  3.2

Action                   |  1- 3 |  4- 6 || total
-------------------------+-------+-------++-------
Melee: Trident           |    82 |   125 ||   207
Throw: Throwing net      |       |     2 ||     2
       Tomahawk          |       |     1 ||     1
  Use: Potion            |       |     2 ||     2
       Scroll            |       |     9 ||     9
  Eat: Chunk             |       |     3 ||     3
Armor: Scale mail        |    48 |    75 ||   123
Dodge: Dodged            |    31 |    88 ||   119
